 Dungeon Crawl Stone Soup version 0.18.1-1-g2f07953 (webtiles) character file.

19667 Chiseanne the Warrior (level 12, -17/141 (143) HPs)
             Began as an Ogre Air Elementalist on May 7, 2016.
             Was an Initiate of Gozag.
             Demolished by an orc warrior
             ... wielding a +0 hand axe
             ... led by an orc knight
              (23 damage)
             ... on level 1 of the Orcish Mines.
             The game lasted 00:49:12 (22382 turns).

Chiseanne the Warrior (Ogre Air Elementalist)      Turns: 22382, Time: 00:49:13

HP:   -17/141 (143) AC:  7    Str: 16    XL:     12   Next: 71%
MP:   15/15         EV: 10    Int: 14    God:    Gozag
Gold: 692           SH:  0    Dex: 16    Spells: 3 memorised, 10 levels left

rFire  + + +     SeeInvis +     a - +8 broad axe of Wagh {drain, rC+ SInv}
rCold  + . .     Gourm    .     D - +2 robe {rN+}
rNeg   + . .     Faith    .     (no shield)
rPois  +         Spirit   .     (helmet restricted)
rElec  +         Dismiss  .     t - +1 cloak
rCorr  +         Reflect  .     (gloves unavailable)
SustAt .         Harm     .     (boots unavailable)
MR     ++...                    (no amulet)
Stlth  ++........               h - ring of Hykoap {rPois rF+++}
                                c - ring "Savir" {rCorr rElec rPois}

@: repel missiles, very resistant to hostile enchantments, unstealthy
A: unfitting armour, agile 1, magic resistance 1, poison resistance, tough skin
1
a: Potion Petition, Call Merchant, Bribe Branch, Renounce Religion


You were on level 1 of the Orcish Mines.
You worshipped Gozag.
Gozag was noncommittal.
You were not hungry.

You visited 2 branches of the dungeon, and saw 13 of its levels.

You collected 5431 gold pieces.
You spent 2532 gold pieces at shops.
You paid 2207 gold pieces to Gozag.

Inventory:

Hand Weapons
 a - the +8 broad axe of Wagh (weapon) {drain, rC+ SInv}
   (You bought it in a shop on level 8 of the Dungeon)

   A truly terrible weapon, it drains the life of those it strikes.
   It protects you from cold.
   It lets you see invisible.
 d - a +1 flail of holy wrath
 e - a +0 hunting sling
 m - a +0 morningstar
 p - a +1 dire flail of protection
 s - a +0 scimitar of flaming
 w - a +0 blowgun
Missiles
 i - 163 bolts
 k - 236 arrows
 o - 73 poisoned needles
 q - 41 sling bullets
 u - 491 stones
 E - 5 tomahawks (quivered)
 I - 2 needles of paralysis
 M - 4 curare-tipped needles
 N - 5 silver tomahawks
Armour
 t - a +1 cloak (worn)
 D - a +2 robe of positive energy (worn)
Jewellery
 c - the ring "Savir" (left hand) {rCorr rElec rPois}
   (You found it on level 5 of the Dungeon)

   [ring of resist corrosion]

   It insulates you from electricity.
   It protects you from poison.
 h - the ring of Hykoap (right hand) {rPois rF+++}
   (You found it on level 5 of the Dungeon)

   [ring of poison resistance]

   It renders you almost immune to fire.
   It protects you from poison.
 l - an uncursed ring of ice
Scrolls
 f - a scroll of fog
 g - 7 scrolls of remove curse
 j - 6 scrolls of identify
 B - a scroll of fear
 J - 2 scrolls of blinking
 K - 2 scrolls of immolation
 L - a scroll of amnesia
 S - a scroll of teleportation
 U - a scroll of silence
Potions
 n - 4 potions of curing
 v - 2 potions of brilliance
 x - a potion of might
 C - 3 potions of cancellation
 G - a potion of resistance
 H - a potion of magic
 Q - a potion of heal wounds
 R - a potion of haste
Books
 b - a book of Air

   Spells                             Type                      Level
   a - Shock                          Conjuration/Air              1
   b - Swiftness                      Charms/Air                   2
   c - Repel Missiles                 Charms/Air                   2
   d - Static Discharge               Conjuration/Air              3
   e - Lightning Bolt                 Conjuration/Air              5
 y - a Young Poisoner's Handbook

   Spells                             Type                      Level
   a - Sting                          Conjuration/Poison           1
   b - Cure Poison                    Poison                       2
   c - Mephitic Cloud                 Conjuration/Poison/Air       3
   d - Olgreb's Toxic Radiance        Poison                       4
   e - Venom Bolt                     Conjuration/Poison           5
 F - a book of Geomancy

   Spells                             Type                      Level
   a - Sandblast                      Earth                        1
   b - Passwall                       Transmutation/Earth          2
   c - Stone Arrow                    Conjuration/Earth            3
   d - Petrify                        Transmutation/Earth          4
   e - Lee's Rapid Deconstruction     Earth                        5
 O - a book of Summonings

   Spells                             Type                      Level
   a - Recall                         Summoning/Translocation      3
   b - Aura of Abjuration             Summoning                    5
   c - Summon Demon                   Summoning                    5
   d - Summon Forest                  Summoning/Translocation      5
   e - Summon Mana Viper              Hexes/Summoning              5
   f - Shadow Creatures               Summoning                    6
Miscellaneous
 A - a disc of storms
 P - a fan of gales
Comestibles
 r - 6 meat rations
 z - 3 bread rations


   Skills:
 - Level 15.4 Fighting
 * Level 10.5(11.3) Axes
 - Level 11.9(15.5) Maces & Flails
 - Level 1.7 Dodging
 - Level 1.5 Stealth
 - Level 2.4 Spellcasting
 - Level 0.6 Conjurations
 - Level 2.1 Air Magic


You had 10 spell levels left.
You knew the following spells:

 Your Spells              Type           Power        Failure   Level  Hunger
a - Shock                 Conj/Air       #...         14%         1    #......
b - Repel Missiles        Chrm/Air       #.....       24%         2    ###....
c - Cure Poison           Pois           #.........   34%         2    ###....


Dungeon Overview and Level Annotations

Branches:
Dungeon (12/15)            Temple (0/1) D:4            Lair (0/8) D:9
    Orc (1/2) D:11

Altars:
Cheibriados
Elyvilon
Gozag
Kikubaaqudgha
Makhleb
Nemelex Xobeh
Trog
Zin
The Shining One

Shops:
D:8 (:   D:11 (   D:12 ?[

Annotations:
D:5 Grinder
D:8 exclusion: ice statue


Innate Abilities, Weirdness & Mutations

You are too large for most types of armour.
You have tough skin (AC +1).
You are agile. (Dex +2)
You are resistant to hostile enchantments.
Your system is resistant to poisons.


Message History

* * * LOW HITPOINT WARNING * * *
You slash the orc knight!
The orc knight is severely wounded.
You hit the orc warrior but do no damage.
The orc warrior is moderately wounded.
You slash the troll!
The troll is heavily wounded.
You hit the orc warrior but do no damage.
The orc warrior is lightly wounded.
The orc warrior closely misses you. The orc warrior barely misses you.
The orc warrior misses you.
The orc warrior hits you from afar with a trident!
* * * LOW HITPOINT WARNING * * *
The orc knight hits you with a long sword!
* * * LOW HITPOINT WARNING * * *
The troll misses you. The troll completely misses you.
The troll claws you but does no damage.
The orc warrior hits you with a hand axe!!
You die...
Your body crumbles into a pile of gold.

##...#...................#.......
.#..##..#.>..................#...
....#.......................#....
........#...>...........#.###....
...##..##..............#... ##..#
.###................### .# #...
## ##...............# ...#
#....#.......o..## ..
#....#.....#.@oo..#
##.####...##.Tooo.# ##
#....#....o.....
#................
#....#........... $
#..#.##......#.## ........##
##.......#


You could see an orc knight, a troll, 5 orc warriors and an orc priest.

Vanquished Creatures
  Snorg (D:10)
  Erica (D:8)
  Sonja (D:11)
  3 hill giants
  The ghost of dadoka the Cleaver, a novice HOAK of Lugonu (D:6)
  5 ugly things
  Psyche (D:8)
  2 komodo dragons (D:11)
  A kobold demonologist (D:12)
  4 trolls
  Prince Ribbit (D:7)
  2 two-headed ogres (D:11)
  A shadow (D:11)
  2 wyverns (D:11)
  25 yaks
  Grum (D:9)
  A human (D:7)
  2 hippogriffs
  A hungry ghost (D:10)
  Duvessa (D:5)
  3 ice beasts
  7 orc warriors
  2 wasps
  2 necrophages (D:10)
  A phantom (D:8)
  6 centaurs
  9 ogres
  4 wolves (D:9)
  The ghost of oplop the Sneak, an amateur VSEn (D:4)
  6 giant frogs
  Dowan (D:5)
  3 scorpions
  8 killer bees
  4 howler monkeys
  2 crimson imps
  A lava snake (D:12)
  2 centaur zombies
  A giant frog zombie (D:10)
  A hound (D:9)
  6 jellies
  11 orc priests
  2 giant frog skeletons
  6 iguanas
  21 orc wizards
  11 worker ants
  4 sheep (D:7)
  11 adders
  3 shadow imps
  An ooze (D:3)
  An adder zombie (D:5)
  A worm (D:2)
  2 dart slugs
  6 giant geckos
  65 orcs
  4 ball pythons
  9 giant cockroaches
  8 goblins
  6 hobgoblins
  23 jackals
  19 kobolds
  5 quokkas
  20 bats
  11 giant newts
  A quokka skeleton (D:5)
  23 rats
  A fungus (D:9)
  4 plants
406 creatures vanquished.

Vanquished Creatures (others)
  A quokka skeleton (D:7)
1 creature vanquished.

Grand Total: 407 creatures vanquished

Notes
Turn   | Place    | Note
--------------------------------------------------------------
     0 | D:1      | Chiseanne the Ogre Air Elementalist began the quest for the Orb.
     0 | D:1      | Reached XP level 1. HP: 16/16 MP: 3/3
   269 | D:1      | Reached skill level 1 in Fighting
   430 | D:1      | Reached skill level 2 in Fighting
   430 | D:1      | Reached XP level 2. HP: 28/28 MP: 0/5
   701 | D:1      | HP: 1/29 [jackal (2)]
   711 | D:1      | Gained mutation: Your system is resistant to poisons. [potion of mutation]
   711 | D:1      | Gained mutation: You are resistant to hostile enchantments. [potion of mutation]
   711 | D:1      | Gained mutation: You are agile. (Dex +2) [potion of mutation]
  1046 | D:1      | Learned a level 2 spell: Repel Missiles
  1079 | D:1      | Reached skill level 3 in Fighting
  1361 | D:1      | Reached skill level 1 in Maces & Flails
  1402 | D:1      | Reached XP level 3. HP: 37/37 MP: 4/6
  2251 | D:2      | Reached XP level 4. HP: 44/48 MP: 1/7
  2568 | D:2      | Found a glowing golden altar of the Shining One.
  2935 | D:2      | Reached skill level 4 in Fighting
  3127 | D:2      | Found a snail-covered altar of Cheibriados.
  3127 | D:2      | Found a sparkling altar of Nemelex Xobeh.
  3653 | D:4      | HP: 1/48 [orc (3)]
  3795 | D:4      | Noticed oplop's ghost (amateur VSEn)
  3876 | D:3      | Reached XP level 5. HP: 6/55 MP: 1/8
  4337 | D:3      | Noticed an orc warrior
  4775 | D:2      | Reached skill level 5 in Fighting
  5074 | D:3      | Reached skill level 5 in Maces & Flails
  5074 | D:3      | Reached XP level 6. HP: 40/66 MP: 1/9
  6000 | D:3      | Reached skill level 6 in Fighting
  6499 | D:4      | Found an opulent altar of Gozag.
  6505 | D:4      | Became a worshipper of Gozag Ym Sagoz the Greedy
  6980 | D:4      | Reached XP level 7. HP: 16/76 MP: 10/10
  7351 | D:4      | Found a staircase to the Ecumenical Temple.
  7744 | D:4      | Reached skill level 7 in Fighting
  7967 | D:4      | Found a white marble altar of Elyvilon.
  8027 | D:4      | Killed oplop's ghost
  8109 | D:4      | Reached skill level 8 in Fighting
  8468 | D:5      | Entered Level 5 of the Dungeon
  8476 | D:5      | Reached XP level 8. HP: 85/88 MP: 11/11
  8518 | D:5      | Got a sparkling marble ring
  8538 | D:5      | Noticed Duvessa
  8546 | D:5      | Identified the ring "Savir" {rCorr rElec rPois} (You found it on level 5 of the Dungeon)
  8573 | D:5      | Noticed Grinder
  8741 | D:5      | Got a scintillating granite ring
  8758 | D:5      | Identified the ring of Hykoap {rPois rF+++} (You found it on level 5 of the Dungeon)
  9119 | D:5      | Reached skill level 9 in Fighting
  9396 | D:5      | Noticed Dowan
  9441 | D:5      | Killed Duvessa
  9443 | D:5      | Killed Dowan
 10146 | D:6      | Noticed dadoka's ghost (novice HOAK)
 10201 | D:6      | Killed dadoka's ghost
 10201 | D:6      | Reached skill level 10 in Fighting
 10201 | D:6      | Reached skill level 10 in Maces & Flails
 10201 | D:6      | Reached XP level 9. HP: 34/102 MP: 10/12
 10803 | D:6      | Found an ancient bone altar of Kikubaaqudgha.
 11059 | D:7      | Noticed Prince Ribbit
 11092 | D:7      | Killed Prince Ribbit
 11351 | D:7      | Reached skill level 11 in Fighting
 11589 | D:7      | Found a burning altar of Makhleb.
 12159 | D:8      | Noticed Erica
 12159 | D:8      | Noticed Psyche
 12294 | D:8      | Killed Psyche
 12586 | D:8      | Reached skill level 12 in Fighting
 12736 | D:8      | Found Kuaroha's Book Emporium.
 13012 | D:8      | Noticed an ice statue
 13181 | D:8      | Reached skill level 1 in Axes
 13181 | D:8      | Reached XP level 10. HP: 26/117 MP: 13/13
 13558 | D:8      | Found a bloodstained altar of Trog.
 14289 | D:8      | Killed Erica
 14289 | D:8      | Reached skill level 13 in Fighting
 15410 | D:9      | Found a staircase to the Lair.
 15568 | D:8      | Bought the +8 broad axe of Wagh {drain, rC+ SInv} for 850 gold pieces
 15714 | D:9      | Reached skill level 14 in Fighting
 15753 | D:9      | Noticed Grum
 15763 | D:9      | Killed Grum
 15970 | D:9      | Found a glowing silver altar of Zin.
 16085 | D:9      | Reached XP level 11. HP: 123/130 MP: 14/14
 16120 | D:9      | Reached skill level 5 in Axes
 16146 | D:9      | Noticed a hill giant
 16153 | D:9      | Killed a hill giant
 16289 | D:10     | Entered Level 10 of the Dungeon
 16518 | D:10     | Noticed Snorg
 16530 | D:10     | Killed Snorg
 16779 | D:10     | Reached skill level 15 in Fighting
 16935 | D:10     | Noticed a cyan ugly thing
 16962 | D:10     | Killed a cyan ugly thing
 17254 | D:10     | Noticed a hill giant
 17280 | D:10     | Killed a hill giant
 18283 | D:11     | Noticed a purple ugly thing
 18363 | D:11     | Noticed Sonja
 18386 | D:11     | Killed Sonja
 18525 | D:11     | Reached XP level 12. HP: 48/141 MP: 15/15
 19801 | D:11     | Found a staircase to the Orcish Mines.
 20327 | D:11     | Learned a level 2 spell: Cure Poison
 20694 | D:12     | Reached skill level 10 in Axes
 21097 | D:12     | Found Taqucvio's Magic Scroll Shop.
 21104 | D:12     | Bought a scroll of acquirement for 676 gold pieces
 21106 | D:12     | Bought a scroll of acquirement for 676 gold pieces
 21108 | D:12     | Bought a scroll of identify for 26 gold pieces
 21108 | D:12     | Bought a scroll of immolation for 45 gold pieces
 21108 | D:12     | Bought a scroll of teleportation for 39 gold pieces
 21108 | D:12     | Bought a scroll of torment for 97 gold pieces
 21108 | D:12     | Bought a scroll of identify for 26 gold pieces
 21108 | D:12     | Bought a scroll of silence for 97 gold pieces
 21849 | Orc:1    | Entered Level 1 of the Orcish Mines
 22382 | Orc:1    | HP: 6/141 [orc knight/long sword (15)]
 22382 | Orc:1    | Demolished by an orc warrior

Skill      XL: |  1  2  3  4  5  6  7  8  9 10 11 12 |
---------------+-------------------------------------+-----
Fighting       | 2 3 4 5 6 8 10 12 14 15 | 15.4
Maces & Flails | 1 2 3 5 6 7 10 11 | 11.9
Axes           | 1 4 8 10 | 10.5
Dodging        | |  1.7
Stealth        | |  1.5
Spellcasting   | |  2.4
Conjurations   | |  0.6
Air Magic      | |  2.1

Action                   |  1- 3 |  4- 6 |  7- 9 | 10-12 || total
-------------------------+-------+-------+-------+-------++-------
Melee: Unarmed           |    10 |       |       |       ||    10
       Short sword       |    13 |       |       |       ||    13
       Club              |    99 |   110 |       |       ||   209
       Flail             |       |   163 |   155 |       ||   318
       War axe           |       |       |   166 |    21 ||   187
       Morningstar       |       |       |       |   159 ||   159
       Broad axe         |       |       |       |   435 ||   435
 Fire: Blowgun           |       |    16 |    41 |    40 ||    97
Throw: Stone             |       |     1 |       |     2 ||     3
       Tomahawk          |       |       |       |    19 ||    19
 Cast: Shock             |    53 |   132 |    47 |       ||   232
       Repel Missiles    |     1 |     2 |     1 |     2 ||     6
Invok: Potion Petition   |       |     1 |       |       ||     1
       Call Merchant     |       |       |     1 |     2 ||     3
Evoke: Wand              |       |     1 |     1 |       ||     2
  Use: Potion            |     3 |     9 |     7 |     5 ||    24
       Scroll            |     2 |     8 |     6 |     7 ||    23
 Stab: Distracted        |       |     1 |     2 |     7 ||    10
       Sleeping          |       |       |     5 |     2 ||     7
       Invisible         |       |       |       |     3 ||     3
  Eat: Chunk             |     5 |    15 |       |       ||    20
       Pizza             |       |     1 |     2 |     5 ||     8
       Fruit             |       |     3 |       |     3 ||     6
       Beef jerky        |       |     2 |     4 |     1 ||     7
       Bread ration      |       |       |     2 |     3 ||     5
       Royal jelly       |       |       |     1 |     1 ||     2
       Meat ration       |       |       |       |     1 ||     1
Armor: Robe              |    66 |   128 |    82 |   180 ||   456
       Skin              |       |       |    47 |       ||    47
Dodge: Dodged            |   118 |   186 |   153 |   333 ||   790
       Deflected         |     2 |     2 |     2 |     1 ||     7
